 Dungeon Crawl Stone Soup version 0.19-a0-1922-g1e9a4c1 (webtiles) character file.

947 varam the Ruffian (level 7, -2/68 HPs)
             Began as a Troll Monk on Oct 24, 2016.
             Was a Priest of Cheibriados.
             Slain by Pikel
             ... wielding a +2 whip of electrocution
              (13 damage)
             ... on level 5 of the Dungeon.
             The game lasted 00:09:39 (3158 turns).

varam the Ruffian (Troll Monk)                      Turns: 3158, Time: 00:09:40

Health: -2/68      AC:  6    Str: 28    XL:     7   Next: 89%
Magic:  0/6        EV: 13    Int: 14    God:    Cheibriados [***...]
Gold:   117        SH:  0    Dex: 22    Spells: 0 memorised, 6 levels left

rFire  x . .     SeeInvis .       - Unarmed
rCold  + . .     Gourm    +     a - +1 robe
rNeg   . . .     Faith    .     (no shield)
rPois  .         Spirit   +     (helmet restricted)
rElec  .         Reflect  .     (no cloak)
rCorr  .         Harm     .     (gloves unavailable)
MR     .....                    (boots unavailable)
Stlth  ++........               j - amulet of guardian spirit
                                (no ring)
                                r - ring of ice

@: very slow
A: unfitting armour, claws 3, fast metabolism 3, gourmand, regeneration 1,
shaggy fur 1, tough skin 2
a: Bend Time, Temporal Distortion, Renounce Religion


You were on level 5 of the Dungeon.
You worshipped Cheibriados.
Cheibriados was most pleased with you.
You were completely stuffed.

You visited 1 branch of the dungeon, and saw 5 of its levels.

You collected 153 gold pieces.
You spent 36 gold pieces at shops.

Inventory:

Missiles
 s - 76 stones (quivered)
Armour
 a - a +1 robe (worn)
Jewellery
 j - an amulet of guardian spirit (around neck)
 n - an uncursed ring of flight
 r - a ring of ice (left claw)
 u - an uncursed ring of ice
Wands
 p - a wand of paralysis (13/24)
Scrolls
 c - 4 scrolls of recharging
 d - a scroll of amnesia
 g - a scroll of fear {unknown}
 i - 4 scrolls of identify {@r1}
 k - a scroll of remove curse {@r2}
 m - a scroll of teleportation {unknown}
Potions
 e - a potion of invisibility {unknown}
 h - a potion of cancellation {unknown}
 l - 3 potions of heal wounds {unknown}
 q - 3 potions of curing {@q1}
 t - a potion of ambrosia {unknown}
 v - 2 potions of brilliance {unknown}
 w - a potion of haste {unknown}
Books
 y - a Young Poisoner's Handbook

   Spells                             Type                      Level
   a - Sting                          Conjuration/Poison           1
   b - Mephitic Cloud                 Conjuration/Poison/Air       3
   c - Olgreb's Toxic Radiance        Poison                       4
   d - Alistair's Intoxication        Transmutation/Poison         5
   e - Venom Bolt                     Conjuration/Poison           5
Comestibles
 b - 4 bread rations
 f - a meat ration
 o - 2 fruits
 x - 2 chunks of flesh


   Skills:
 - Level 3.6 Fighting
 + Level 3.2 Throwing
 + Level 4.4 Dodging
 - Level 1.2 Stealth
 * Level 6.4 Unarmed Combat


You had 6 spell levels left.
You didn't know any spells.

Dungeon Overview and Level Annotations

Branches:
Dungeon (5/15)             Temple (0/1) D:4

Altars:
Cheibriados
Fedhas
Nemelex Xobeh
Uskayaw
Zin

Shops:
D:4 *

Annotations:
D:3 1 runed door
D:5 Pikel


Innate Abilities, Weirdness & Mutations

You are too large for most types of armour.
You have claws for hands.
Your metabolism is lightning-fast.
You like to eat raw meat.
Your natural rate of healing is unusually fast.
You are covered in fur. (AC +1)
You have very tough skin. (AC +2)


Message History

A slave comes into view.
A slave comes into view.
Pikel shouts!
The slave shouts!
The slave misses you. x2
The slave barely misses you.
A slave comes into view.
The slave shouts!
The slave hits you.
The slave shouts!
Pikel drinks a potion.
Pikel goes berserk!
The slave hits you.
Pikel hits you with a whip of electrocution!
You are electrocuted!
The slave hits you but does no damage. Pikel misses you.
Pikel hits you but does no damage.
You are electrocuted!
Pikel hits you with a whip of electrocution!
You don't have enough magic at the moment.
You closely miss Pikel.
Pikel hits you with a whip of electrocution!
* * * LOW HITPOINT WARNING * * *
You are electrocuted!
You die...

.......#.............#........#
.......###...........#........#
.......#######.......#........#
.....................#........#
.......###..........p.........#
.......# #.##....p............#
.......###.###..pp.............
##...........##.K#.#.#.........
#...........#..@..............
#.............................
#................#............
#............##>....#.....###.
#...######...##....####....#
.....#.............# ..
............###.##.#
....................
...............###..


You could see Pikel (berserk) and 3 slaves.

Vanquished Creatures
  Sigmund (D:3)
  Duvessa (D:4)
  An ogre (D:4)
  An ice beast (D:5)
  A centaur (D:5)
  Dowan (D:4)
  An orc wizard (D:3)
  A bullfrog skeleton (D:4)
  Ijyb (D:3)
  Jessica (D:3)
  3 worker ants
  10 adders
  3 oozes
  An adder skeleton (D:4)
  A dart slug (D:2)
  7 leopard geckos
  4 orcs (D:3)
  13 bats
  7 giant cockroaches
  11 goblins
  5 hobgoblins
  6 jackals
  10 kobolds
  2 quokkas
  A ball python skeleton (D:4)
  2 frilled lizards (D:3)
  A jackal skeleton (D:3)
  4 rats
101 creatures vanquished.

Notes
Turn   | Place    | Note
-------+----------+-------------------------------------------
     0 | D:1      | varam the Troll Monk began the quest for the Orb.
     0 | D:1      | Reached XP level 1. HP: 22/22 MP: 0/0
    95 | D:1      | Reached XP level 2. HP: 28/29 MP: 1/1
   537 | D:1      | Reached XP level 3. HP: 33/36 MP: 2/2
  1466 | D:2      | Reached XP level 4. HP: 44/44 MP: 3/3
  1641 | D:3      | Noticed Jessica
  1649 | D:3      | Killed Jessica
  1649 | D:3      | Reached skill level 1 in Throwing
  1677 | D:3      | Found a glowing silver altar of Zin.
  1679 | D:3      | Found a blossoming altar of Fedhas.
  1701 | D:3      | Found a snail-covered altar of Cheibriados.
  1712 | D:3      | Reached XP level 5. HP: 51/53 MP: 2/4
  1734 | D:3      | Became a worshipper of Cheibriados the Contemplative
  1734 | D:3      | Reached * piety under Cheibriados
  1734 | D:3      | Reached ** piety under Cheibriados
  1739 | D:3      | Reached skill level 4 in Unarmed Combat
  1841 | D:3      | Found a runed door.
  1895 | D:3      | Noticed Sigmund
  1908 | D:3      | Killed Sigmund
  1908 | D:3      | Reached XP level 6. HP: 49/61 MP: 2/5
  2042 | D:3      | Noticed Ijyb
  2050 | D:3      | Killed Ijyb
  2198 | D:3      | Reached *** piety under Cheibriados
  2477 | D:4      | Reached skill level 5 in Unarmed Combat
  2507 | D:4      | Reached XP level 7. HP: 46/68 MP: 3/6
  2568 | D:4      | Found Uruofud's General Store.
  2574 | D:4      | Bought a potion of curing for 36 gold pieces
  2638 | D:4      | Found a sparkling altar of Nemelex Xobeh.
  2681 | D:4      | Found a staircase to the Ecumenical Temple.
  2681 | D:4      | Noticed Duvessa
  2689 | D:4      | Killed Duvessa
  2692 | D:4      | Noticed Dowan
  2704 | D:4      | Killed Dowan
  2724 | D:4      | Reached skill level 6 in Unarmed Combat
  2903 | D:4      | Found a hide-covered altar of Uskayaw.
  3018 | D:5      | Entered Level 5 of the Dungeon
  3148 | D:5      | Noticed Pikel
  3158 | D:5      | Slain by Pikel

Vault maps used:
D:1:      dpeg_arrival_signposts
D:2:      serial_corexii_hall, corexii_hall_statues_deadend,
          corexii_hall_statues_u, corexii_hall_statues_x, nrook_mini_vaults
D:3:      minmay_diamond_boxcup, gammafunk_temple_overflow_forgotten,
          uniq_sigmund, uniq_jessica, uniq_crazy_yiuf_cottage, uniq_iyjb
D:4:      lemuel_coloured_pillars_altar, kennysheep_mini, serial_shops, shop,
          first_bread, uniq_duvessa
D:5:      uniq_pikel

Skill      XL: |  1  2  3  4  5  6  7 |
---------------+----------------------+-----
Dodging        | 3 4 |  4.4
Throwing       | 1 2 3 |  3.2
Fighting       | 3 |  3.6
Unarmed Combat | 4 5 6 |  6.4
Stealth        | |  1.2

Action                   |  1- 3 |  4- 6 |  7- 9 || total
-------------------------+-------+-------+-------++-------
Melee: Unarmed           |    97 |   113 |    45 ||   255
       Punch             |     1 |     2 |     2 ||     5
  Use: Scroll            |     6 |     1 |       ||     7
 Stab: Distracted        |     1 |     1 |       ||     2
       Sleeping          |     3 |     5 |     2 ||    10
  Eat: Chunk             |    11 |    15 |     4 ||    30
Armor: Robe              |    34 |    35 |    19 ||    88
Dodge: Dodged            |    67 |    61 |    36 ||   164
